 Dungeon Crawl Stone Soup version 0.17-a0-1479-g4041c36 (webtiles) character file.

14 amnekian the Insei (level 2, 0/18 HPs)
             Began as an Octopode Transmuter on July 3, 2015.
             Slain by a giant gecko (3 damage)
             ... on level 1 of the Dungeon.
             The game lasted 00:01:49 (1039 turns).

amnekian the Insei (Octopode Transmuter)            Turns: 1039, Time: 00:01:49

Health: 0/18       AC:  1    Str:  9    XL:     2   Next: 45%
Magic:  4/5        EV: 12    Int: 15    God:
Gold:   22         SH:  0    Dex: 12    Spells: 2 memorised, 2 levels left

rFire  . . .     SeeInvis .       - Unarmed
rCold  . . .     Clarity  .     (no shield)
rNeg   . . .     SustAt   .     (helmet restricted)
rPois  .         Gourm    .     (no amulet)
rElec  .         Spirit   .     (no ring)
rCorr  .         Warding  .     (no ring)
rMut   .         Stasis   .     (no ring)
MR     .....                    (no ring)
Stlth  ++........               (no ring)
                                (no ring)
                                (no ring)
                                (no ring)

@: appendage, not resistant to hostile enchantments, unstealthy
A: almost no armour, amphibious, 8 rings, constrict 8, tentacle spike 3,
camouflage 1, gelatinous body 1
a: End Transformation


You were on level 1 of the Dungeon.
You were not hungry.
One of your tentacles had a temporary spike.
You visited 1 branch of the dungeon, and saw 1 of its levels.

You collected 22 gold pieces.

Inventory:

Missiles
 a - 12 arrows
 d - 19 stones (quivered)
 e - 18 silver sling bullets
Scrolls
 h - a scroll of blinking {unknown}
Potions
 g - a potion of haste {unknown}
Books
 b - a book of Changes

   Spells                             Type                      Level
   a - Beastly Appendage              Transmutation                1
   b - Sticks to Snakes               Transmutation                2
   c - Spider Form                    Transmutation/Poison         3
   d - Ice Form                       Ice/Transmutation            4
   e - Blade Hands                    Transmutation                5
Comestibles
 c - a bread ration


   Skills:
 - Level 1.0 Fighting
 - Level 2.0 Dodging
 - Level 3.0 Unarmed Combat
 - Level 2.0 Spellcasting
 * Level 3.0 Transmutations


You had 2 spell levels left.
You knew the following spells:

 Your Spells              Type           Power        Failure   Level  Hunger
a - Beastly Appendage     Trmt           ##....       8%          1    #......
b - Sticks to Snakes      Trmt           ##........   12%         2    ###....


Dungeon Overview and Level Annotations

Branches:
Dungeon (1/15)

Altars:


Innate Abilities, Weirdness & Mutations

You cannot wear most types of armour.
You are amphibious.
You can wear up to eight rings at the same time.
You can use your tentacles to constrict eight enemies at once.
Your skin changes colour to match your surroundings (Stealth).
Your rubbery body absorbs attacks (AC +1).
One of your tentacles bears a large vicious spike.


Message History

Your tentacle spike misses the giant gecko.
Your squeeze misses the giant gecko. The giant gecko closely misses you.
You tentacle-slap the giant gecko but do no damage.
Your grab misses the giant gecko. The giant gecko bites you.
You tentacle-slap the giant gecko. Your grab misses the giant gecko.
Your tentacle spike misses the giant gecko.
The giant gecko is moderately wounded.
The giant gecko bites you.
You completely miss the giant gecko. Your grab misses the giant gecko.
The giant gecko is moderately wounded.
The giant gecko bites you.
* * * LOW HITPOINT WARNING * * *
You closely miss the giant gecko. Your grab misses the giant gecko.
The giant gecko is moderately wounded.
The giant gecko barely misses you. The giant gecko bites you.
* * * LOW HITPOINT WARNING * * *
You closely miss the giant gecko. You grab the giant gecko.
The giant gecko is moderately wounded.
You constrict the giant gecko. The giant gecko bites you.
You die...

#.########### #...# #.#
..#### #...#######.#
.....# #..........)##
.....#
#######...###......#####
.....#
#...........'...........
.....#
#.###########...)..#####
.....#
#)#.....................
.....#
#.##.############.######
)....#
#.##.#l@................
..####
#.##.#.#################
##########.##.#.
#........ .........##.#.
#<.......
########..##.#.
#........
.............#.
#########
.#.###########. ..


You could see a giant gecko.

Vanquished Creatures
  2 bats (D:1)
  4 goblins (D:1)
  A hobgoblin (D:1)
  A giant cockroach (D:1)
  3 kobolds (D:1)
  2 rats (D:1)
13 creatures vanquished.

Notes
Turn   | Place    | Note
--------------------------------------------------------------
     0 | D:1      | amnekian the Octopode Transmuter began the quest for the Orb.
     0 | D:1      | Reached XP level 1. HP: 13/13 MP: 3/3
   216 | D:1      | Reached XP level 2. HP: 16/18 MP: 3/5
   220 | D:1      | Learned a level 2 spell: Sticks to Snakes
  1039 | D:1      | Slain by a giant gecko

Vault maps used:
D:1:      wheals_arrival_shading, hex_tiny

Action                   || total
-------------------------++-------
Melee: Unarmed           ||    34
 Cast: Beastly Appendage ||     7
 Stab: Sleeping          ||     1
